 Dungeon Crawl Stone Soup version 0.26.0-10-g1f06aea511 (webtiles) character file.

Game seed: 4948276102176753722

11 night the Sneak (level 2, 0/15 HPs)
             Began as a Kobold Wanderer on Jan 21, 2021.
             Slain by a goblin
             ... wielding a +0 dagger
              (3 damage)
             ... on level 1 of the Dungeon.
             The game lasted 00:01:31 (424 turns).

night the Sneak (Kobold Wanderer)                    Turns: 424, Time: 00:01:31

Health: 0/15       AC:  2    Str:  9    XL:     2   Next: 40%
Magic:  6/6        EV: 13    Int: 14    God:
Gold:   66         SH:  0    Dex: 13    Spells: 6/7 levels left

rFire    . . .     SeeInvis .   a - +0 dagger
rCold    . . .     Faith    .   (shield restricted)
rNeg     . . .     Spirit   .   c - +0 robe
rPois    .         Reflect  .   (no helmet)
rElec    .         Harm     .   (no cloak)
rCorr    .         Rampage  .   (no gloves)
Will     .....                  (no boots)
Stlth    +++.......             (no amulet)
HPRegen  0.05/turn              e - ring of attention (curse)
MPRegen  0.10/turn              (no ring)

@: no status effects
A: small, nightstalker 3
a: no special abilities


You were on level 1 of the Dungeon.
You visited 1 branch of the dungeon, and saw 1 of its levels.

You collected 66 gold pieces.

Inventory:

Hand Weapons
 a - a +0 dagger (weapon)
Missiles
 g - 20 stones (quivered)
Armour
 c - a +0 robe (worn)
Jewellery
 e - a cursed ring of attention (left hand)
Scrolls
 f - a scroll of immolation {unknown}
 h - a scroll of amnesia {unknown}
Potions
 b - 2 potions of curing {unknown}
 d - a potion of might {unknown}


   Skills:
 - Level 2.1 Throwing
 + Level 4.3 Stealth
 + Level 3.4 Spellcasting
 + Level 1.3 Conjurations
 + Level 1.4 Earth Magic


You had 6 spell levels left.
You knew the following spells:

 Your Spells              Type           Power        Failure   Level
a - Sandblast             Erth           12%          12%         1

Your spell library contained the following spells:

 Spells                   Type           Power        Failure   Level
 Beastly Appendage        Tmut           4%           21%         1
 Passwall                 Tmut/Erth      3%           24%         2
 Stone Arrow              Conj/Erth      12%          34%         3
 Ignite Poison            Fire/Tmut/Pois 2%           52%         3
 Petrify                  Tmut/Erth      4%           83%         4
 Lee's Rapid Deconstruct  Erth           3%           97%         5


Dungeon Overview and Level Annotations

Branches:
Dungeon (1/15)

Altars:


Innate Abilities, Weirdness & Mutations

You are small and have problems with some larger weapons.
You are completely attuned to the shadows.


Message History

You hit the goblin.
The goblin is severely wounded.
The goblin hits you.
You closely miss the goblin.
The goblin is severely wounded.
The goblin hits you.
You closely miss the goblin.
The goblin is severely wounded.
The goblin completely misses you.
You hit the goblin.
You kill the goblin!
The goblin hits you with a +0 club.
* * * LOW HITPOINT WARNING * * *
The goblin closely misses you. The goblin closely misses you.
You aren't carrying any items that you can evoke.
You hit the goblin.
The goblin is heavily wounded.
The goblin hits you with a +0 dagger.
You die...

..#...## #.......÷....
.##....###......)...#.##.
##......####.#...........####
...<.....###.####..#........#
##......##.........##.#.....#
.##....##########......#....#####
..#...## #.g.##..#.#.......
..#..## #g#..†............ ..#.##
#@####.##..##.##.. ###'#####
##.##.............. #...#.#
####..##......###### . ###...#
##....###......#
#.[####..#####.......#
####.......#### ........#
#.......#...... #.........#####
#.......###


You could see 2 goblins.

Vanquished Creatures
  A leopard gecko (D:1)
  A giant cockroach (D:1)
  2 bats (D:1)
  3 goblins (D:1)
  A kobold (D:1)
  4 rats (D:1)
12 creatures vanquished.

Notes
Turn   | Place    | Note
-------+----------+-------------------------------------------
     0 | D:1      | night the Kobold Wanderer began the quest for the Orb.
     0 | D:1      | night set off with the following items: a +0 dagger, a +0
                  | robe; and the following spells available to memorise:
                  | Sandblast, Beastly Appendage, Passwall, Stone Arrow, Ignite
                  | Poison, Petrify, Lee's Rapid Deconstruction
     0 | D:1      | Reached XP level 1. HP: 10/10 MP: 4/4
    47 | D:1      | Learned a level 1 spell: Sandblast
    90 | D:1      | Reached XP level 2. HP: 15/15 MP: 6/6
   424 | D:1      | Slain by a goblin

Illustrated notes

Levels and vault maps discovered:
D:1:      mrwooster_arrival_arrow, layout_rooms

Action                   || total
-------------------------++-------
Melee: Dagger            ||    32
 Stab: Sleeping          ||     8
Armor: Robe              ||     2
Dodge: Dodged            ||    22
